Construct Section Command Post
Construct Platoon Command Post
Selects Air and Sea Battlegroup
Selects Commando Section Paradrop
Commando Section Paradrop
Unlock Bishop Self-propelled Artillery
Construct Field Infirmary
Bishop Self-propelled Artillery
6-pounder Anti-tank Gun Team
Selects Commando Support Section Paradrop
Construct Company Command Post
Selects Anti-tank Rocket Loiter
Unlock M3 Grant Medium Tanks